 Dungeon Crawl Stone Soup version 0.25.0-8-gfd19cd77bd (webtiles) character file.

Game seed: 2907755310035838170

242 Kass the Firebug (level 5, -9/39 HPs)
             Began as a Draconian Fire Elementalist on June 16, 2020.
             Mangled by Pikel
             ... wielding a +0 whip of electrocution
              (18 damage)
             ... on level 3 of the Dungeon.
             The game lasted 00:18:32 (3871 turns).

Kass the Firebug (Draconian Fire Elementalist)      Turns: 3871, Time: 00:18:34

Health: -9/39      AC:  7    Str: 10    XL:     5   Next: 82%
Magic:  3/9        EV: 12    Int: 16    God:
Gold:   155        SH:  0    Dex: 14    Spells: 3/9 levels left

rFire    . . .     SeeInvis .   m - +0 rapier (holy)
rCold    + . .     Gourm    .   (no shield)
rNeg     . . .     Faith    .   (armour unavailable)
rPois    .         Spirit   .   (helmet restricted)
rElec    .         Reflect  .   (no cloak)
rCorr    .         Harm     .   (no gloves)
MR       .....                  f - +1 pair of boots
Stlth    ++++......             (no amulet)
HPRegen  0.13/turn              d - ring of protection from cold
MPRegen  0.11/turn              e - ring of stealth

@: no status effects
A: unfitting armour, camouflage 1, agile 1, blink, cold-blooded, AC +5
a: Blink


You were on level 3 of the Dungeon.
You were not hungry.

You visited 1 branch of the dungeon, and saw 4 of its levels.

You collected 155 gold pieces.

Inventory:

Hand Weapons
 a - a +0 dagger
 m - a +0 rapier of holy wrath (weapon)
Missiles
 k - 14 poisoned darts (quivered)
Armour
 f - a +1 pair of boots (worn)
Jewellery
 d - a ring of protection from cold (left hand)
 e - a ring of stealth (right hand)
Scrolls
 c - 2 scrolls of enchant armour {unknown}
 g - 8 scrolls of identify {unknown}
 j - a scroll of remove curse {unknown}
 l - a scroll of immolation {unknown}
Potions
 i - a potion of flight {unknown}
Comestibles
 b - 4 rations


   Skills:
 + Level 0.7 Fighting
 - Level 1.7 Dodging
 - Level 1.7 Stealth
 + Level 2.7 Spellcasting
 + Level 3.8 Conjurations
 + Level 4.8 Fire Magic


You had 3 spell levels left.
You knew the following spells:

 Your Spells              Type           Power        Failure   Level  Hunger
a - Foxfire               Conj/Fire      ###.         3%          1    #......
b - Conjure Flame         Conj/Fire      ###.....     10%         3    ###....
c - Blink                 Tloc           N/A          28%         2    ##.....

Your spell library contained the following spells:

 Spells                   Type           Power        Failure   Level  Hunger
 Magic Dart               Conj           ##..         4%          1    #......
 Inner Flame              Hex/Fire       #.......     22%         3    ###....
 Call Imp                 Summ           #.......     28%         2    ##.....
 Slow                     Hex            #.......     28%         2    ##.....
 Mephitic Cloud           Conj/Pois/Air  #.......     34%         3    ###....
 Sticky Flame             Conj/Fire      ###.....     32%         4    #####..
 Fireball                 Conj/Fire      ###.......   65%         5    ######.


Dungeon Overview and Level Annotations

Branches:
Dungeon (4/15)
 Temple: D:4-7

Altars:
Elyvilon
Gozag

Annotations:
D:3 Pikel
D:4 Dowan, Duvessa, Robin


Innate Abilities, Weirdness & Mutations

Your plain brown scales are hard. (AC +5)
You cannot fit into any form of body armour.
You are cold-blooded and may be slowed by cold attacks.
Your skin changes colour to match your surroundings (Stealth+).
You are agile. (Dex +2)
You can translocate small distances at will.


Message History

There is an escape hatch in the floor here.
Robin roars a battlecry!
You hear a shout!
There is a stone staircase leading up here.
You are starving!
Pikel hits you with a +0 whip of electrocution.
You climb upwards.
There is a stone staircase leading down, spattered with blood here.
You don't have the energy to cast that spell.
You don't have the energy to cast that spell.
You eat one of the 5 rations.
That ration really hit the spot!
Pikel hits you with a +0 whip of electrocution.
You are electrocuted!
Casting: Conjure Flame (dangerous; 10% risk of failure)
Confirm with . or Enter, or press ? or * to list all spells.
You conjure some foxfire!
Pikel hits you with a +0 whip of electrocution!
* * * LOW HITPOINT WARNING * * *
You are electrocuted!!
You die...

...#...###############.#
...#[..'........# #.#
+#.#...###......# #.#
.#.#.### #.###### #.#
.#.#.#####.# ###### #.#
...#.#...#.# #....# #.#
...#.#...#.# #....# #.#
...#.#...#.####.K..# #.#
..............(.@v.# #.#
...........#.##..v.# #.#
..##.#######.####### #.###
......#....#.# #...#
......#.##.#.###########.#
#..##.#.##......(........#
#..##.#.#......###########
#..##.#........#
#..##.###...[..#


You could see Pikel.

Vanquished Creatures
  A howler monkey (D:3)
  An orc wizard (D:3)
  A worker ant (D:3)
  A howler monkey skeleton (D:4)
  6 adders
  2 oozes
  A worm (D:3)
  2 dart slugs (D:1)
  5 leopard geckos
  2 orcs (D:3)
  6 bats
  3 giant cockroaches
  10 hobgoblins
  3 jackals (D:3)
  3 quokkas
  9 frilled lizards
  9 goblins
  2 kobolds
  6 rats
73 creatures vanquished.

Vanquished Creatures (others)
  146 foxfires
146 creatures vanquished.

Grand Total: 219 creatures vanquished

Notes
Turn   | Place    | Note
-------+----------+-------------------------------------------
     0 | D:1      | Kass the Draconian Fire Elementalist began the quest for
                  | the Orb.
     0 | D:1      | Reached XP level 1. HP: 14/14 MP: 3/3
   166 | D:1      | Reached XP level 2. HP: 15/20 MP: 5/5
   753 | D:1      | Reached XP level 3. HP: 20/26 MP: 4/6
  1327 | D:2      | Reached skill level 4 in Fire Magic
  1355 | D:2      | Found a white marble altar of Elyvilon.
  1460 | D:2      | Reached XP level 4. HP: 33/33 MP: 5/7
  1595 | D:2      | Learned a level 3 spell: Conjure Flame
  2300 | D:2      | Found an opulent altar of Gozag.
  2562 | D:3      | Gained mutation: You are agile. (Dex +2) [potion of
                  | mutation]
  2562 | D:3      | Gained mutation: You can translocate small distances at
                  | will. [potion of mutation]
  2562 | D:3      | Gained mutation: Your skin changes colour to match your
                  | surroundings (Stealth+). [potion of mutation]
  2718 | D:3      | Reached XP level 5. HP: 38/38 MP: 4/8
  3056 | D:3      | Learned a level 2 spell: Blink
  3426 | D:4      | Noticed a slave
  3426 | D:4      | Noticed Dowan
  3427 | D:4      | Noticed Robin
  3427 | D:4      | Noticed Duvessa
  3430 | D:4      | Noticed a slave
  3430 | D:4      | Noticed a slave
  3846 | D:4      | Noticed Pikel
  3871 | D:3      | Mangled by Pikel

Illustrated notes

Levels and vault maps discovered:
D:1:      tarquinn_simple_flora_water_e, layout_basic, minmay_box_of_dots
D:2:      layout_basic, lemuel_coloured_pillars_altar, minmay_misc_feat_tiny,
          nicolae_gozag_cash_rules_everything_around_me
D:3:      layout_basic
D:4:      layout_rooms, first_ration, chequers_serial_rivers_room_a, uniq_pikel,
          uniq_robin, uniq_duvessa, uniq_natasha

Skill      XL: |  1  2  3  4 |
---------------+-------------+-----
Conjurations   | 2 3 |  3.8
Fire Magic     | 4 |  4.8
Fighting       | |  0.7
Dodging        | |  1.7
Stealth        | |  1.7
Spellcasting   | |  2.7

Action                   |  1- 3 |  4- 6 || total
-------------------------+-------+-------++-------
Melee: Dagger            |    56 |    32 ||    88
       Tailslap          |     5 |     6 ||    11
       Rapier            |       |    16 ||    16
Throw: Dart              |       |     1 ||     1
 Cast: Foxfire           |    35 |    77 ||   112
       Conjure Flame     |       |     1 ||     1
  Use: Potion            |       |     3 ||     3
 Stab: Sleeping          |     1 |     5 ||     6
  Eat: Chunk             |     2 |     7 ||     9
       Ration            |       |     1 ||     1
Armor: Skin              |    16 |    20 ||    36
Dodge: Dodged            |    35 |    59 ||    94
